 Dungeon Crawl Stone Soup version 0.29-a0-275-g389c0b56f3 (webtiles) character file.

Game seed: 13825880911581263905

130 oldriver the Vandal (level 4, 0/23 HPs)
             Began as a Spriggan Hunter on Mar 13, 2022.
             Slain by a kobold
             ... wielding a +2 dagger of venom
              (1 damage)
             ... on level 2 of the Dungeon.
             The game lasted 00:02:19 (2195 turns).

oldriver the Vandal (Spriggan Hunter)               Turns: 2195, Time: 00:02:19

Health: 0/23       AC:  2    Str:  8    XL:     4   Next: 90%
Magic:  5/5        EV: 14    Int: 12    God:
Gold:   151        SH:  0    Dex: 17    Spells: 3/3 levels left

rFire   . . .      SeeInvis +   a - +1 hunting sling
rCold   . . .      Faith    .   (no shield)
rNeg    . . .      Spirit   .   b - +0 robe
rPois   .          Reflect  .   (helmet restricted)
rElec   .          Harm     .   (no cloak)
rCorr   .          Rampage  .   (gloves unavailable)
Will    .....                   (boots unavailable)
Stlth   ++........              (no amulet)
HPRegen 0.07/turn               (no ring)
MPRegen 0.09/turn               (no ring)

@: lethally poisoned (0 -> -20), constricted, very quick
A: very small, no large weapons, unfitting armour, see invisible, speed 3
a: no special abilities


You were on level 2 of the Dungeon.
You visited 1 branch of the dungeon, and saw 4 of its levels.

You collected 151 gold pieces.

Inventory:

Hand Weapons
 a - a +1 hunting sling (weapon)
Armour
 b - a +0 robe (worn)
Scrolls
 c - a scroll of immolation
 g - a scroll of brand weapon {unknown}
 i - 3 scrolls of identify {unknown}
 j - a scroll of fear {unknown}
Potions
 d - 2 potions of degeneration {unknown}
 e - a potion of heal wounds {unknown}
 f - a potion of lignification {unknown}
 h - 2 potions of invisibility {unknown}


   Skills:
 + Level 2.6 Fighting
 * Level 6.8 Slings
 - Level 2.6 Dodging
 - Level 1.5 Stealth


You had 3 spell levels left.
You didn't know any spells.
Your spell library contained the following spells:

 Spells                   Type           Power      Damage    Failure   Level
 Blink                    Tloc           0%         N/A       45%         2
 Sublimation of Blood     Necr           0%         N/A       45%         2
 Lesser Beckoning         Tloc           0%         N/A       69%         3
 Petrify                  Tmut/Erth      0%         N/A       97%         4
 Irradiate                Conj/Tmut      0%         3d13      100%        5
 Manifold Assault         Tloc           0%         N/A       100%        5
 Summon Forest            Summ/Tloc      0%         N/A       100%        5
 Summon Mana Viper        Hex/Summ       0%         N/A       100%        5
 Summon Cactus Giant      Summ           0%         N/A       100%        6


Dungeon Overview and Level Annotations

Branches:
Dungeon (4/15)
 Temple: D:4-7

Altars:


Innate Abilities, Weirdness & Mutations

You are very small and have problems with some larger weapons.
You are too small for most types of armour.
You have supernaturally acute eyesight. (SInv)
You cover ground extremely quickly. (Speed+++)


Message History

Fire: a) +1 hunting sling
Press: ? - help, Shift-Dir - straight line, f/p - adder
Aim: an adder (moderately wounded, 46% to hit)
You shoot a sling bullet. The kobold shouts!
The sling bullet hits the adder!
You kill the adder!
Fire: a) +1 hunting sling
Press: ? - help, Shift-Dir - straight line, f - kobold
Aim: a kobold, wielding a +2 dagger of venom (56% to hit)
You shoot a sling bullet.
The sling bullet closely misses the kobold.
The kobold hits you with a +2 dagger of venom.
You are poisoned.
The ball python closely misses you. The ball python grabs you.
The ball python constricts you.
The kobold hits you with a +2 dagger of venom.
You are lethally poisoned!
Fire: a) +1 hunting sling
Press: ? - help, Shift-Dir - straight line, f/p - kobold
Aim: a kobold, wielding a +2 dagger of venom (56% to hit)
You shoot a sling bullet. The sling bullet hits the kobold.
The kobold is severely wounded.
You feel very sick.
The ball python bites you but does no damage.
The ball python constricts you. The ball python completely misses you.
The ball python constricts you.
The kobold hits you with a +2 dagger of venom.
* * * LOW HITPOINT WARNING * * *
You are more poisoned.
Fire: a) +1 hunting sling
Press: ? - help, Shift-Dir - straight line, f/p - kobold
Aim: a kobold, wielding a +2 dagger of venom (severely wounded, 56% to hit)
You shoot a sling bullet.
The sling bullet barely misses the kobold.
* * * LOW HITPOINT WARNING * * *
You feel very sick. The ball python barely misses you.
The ball python constricts you.
The kobold hits you with a +2 dagger of venom.
You die...

#.# ##.## #.# . ...
.... #.# ###.#.# #.#.
...#.# #.#. .....#.#
#... ........ #... ...
..# #... ..S #K# #... #
#S# #@# ##.. #.#.# #S#
##. #.#.###.# .## #.
#...$..#.......
.(..###.
###.###.#####.. ##.....
########.# .# #.
........ #........# .#
#. .##.####
#####.#######.......##.
##.#### ......#
.......#.. .......


You could see a ball python and a kobold.

Vanquished Creatures
  An orc priest (D:4)
  An orc wizard (D:4)
  4 adders
  2 dart slugs
  An orc (D:4)
  3 ball pythons
  3 bats
  6 endoplasms (D:3)
  A giant cockroach (D:3)
  5 goblins
  A hobgoblin (D:2)
  2 quokkas (D:1)
  2 frilled lizards
  3 kobolds
  2 rats (D:2)
37 creatures vanquished.

Notes
Turn   | Place    | Note
-------+----------+-------------------------------------------
     0 | D:1      | oldriver the Spriggan Hunter began the quest for the Orb.
     0 | D:1      | Reached XP level 1. HP: 10/10 MP: 2/2
   307 | D:1      | Reached skill level 5 in Slings
   858 | D:2      | Reached XP level 2. HP: 15/15 MP: 3/3
  1314 | D:2      | Found a faded altar of an unknown god.
  1374 | D:2      | Reached XP level 3. HP: 18/18 MP: 4/4
  1430 | D:3      | Identified the +3 ring mail of the Noxious God {rElec}
  1574 | D:3      | Reached skill level 6 in Slings
  2174 | D:4      | Reached XP level 4. HP: 23/23 MP: 5/5
  2195 | D:2      | HP: 1/23 [poisoned by a kobold]
  2195 | D:2      | Slain by a kobold

Illustrated notes

Levels and vault maps discovered:
D:1:      minmay_arrival_nine_rooms, layout_loops_ring
D:2:      layout_loops_ring, chequers_ecumenical_altar_simple
D:3:      layout_loops_ring, kennysheep_crisscross
D:4:      layout_loops_ring, nrook_uturn, uniq_crazy_yiuf_cottage, uniq_pargi,
          uniq_ijyb, uniq_duvessa

Skill      XL: |  1  2  3 |
---------------+----------+-----
Slings         | 5 6 |  6.8
Fighting       | 2 |  2.6
Dodging        | |  2.6
Stealth        | |  1.5

Action                   |  1- 3 |  4- 6 || total
-------------------------+-------+-------++-------
 Fire: Hunting sling     |   122 |    13 ||   135
Armor: Robe              |     6 |     1 ||     7
Dodge: Dodged            |    33 |     7 ||    40

Table legend: (Time is in decaauts)
 A = Elapsed time spent in this place.
 B = Non-inter-level travel time spent in this place.
 C = Inter-level travel time spent in this place.
 D = Time resting spent in this place.
 E = Time spent auto-exploring this place.
 F = Levels seen in this place.
 G = Mean time per level.
                   A        B        C        D        E       F      G
               +--------+--------+--------+--------+--------+-----+--------+
         Total |   1516 |   1441 |     75 |    124 |   1055 |   4 |  379.0 |
       Dungeon |   1516 |   1441 |     75 |    124 |   1055 |   4 |  379.0 |
               +--------+--------+--------+--------+--------+-----+--------+

Top non-repeatable levels by time:
     D:1: 707 daAuts
     D:3: 516 daAuts
     D:2: 272 daAuts
     D:4: 20 daAuts
